 Dungeon Sprint DCSS version 0.26-a0-663-g36e8fdb655 (webtiles) character file.

Game seed: 9319162549346823612

130 sahdkjhfkaj the Vexing (level 5, -14/42 HPs)
             Began as a Gnoll Arcane Marksman on Oct 12, 2020.
             Shot with an arrow by a centaur warrior (22 damage)
             ... in the Dungeon (Sprint II: "The Violet Keep of Menkaure").
             The game lasted 00:00:52 (269 turns).

sahdkjhfkaj the Vexing (Gnoll Arcane Marksman)       Turns: 269, Time: 00:00:52

Health: -14/42     AC:  2    Str: 13    XL:     5   Next: 14%
Magic:  11/11      EV: 16    Int: 15    God:
Gold:   243        SH:  0    Dex: 16    Spells: 11/12 levels left

rFire    . . .     SeeInvis .     - Unarmed
rCold    . . .     Faith    .   (no shield)
rNeg     . . .     Spirit   .   a - +0 robe
rPois    .         Reflect  .   (no helmet)
rElec    .         Harm     .   (no cloak)
rCorr    .         Rampage  .   (no gloves)
MR       .....     NoTele   +   (no boots)
Stlth    ++........             (no amulet)
HPRegen  0.14/turn              (no ring)
MPRegen  0.12/turn              (no ring)

@: no status effects
A: distributed training, fangs 1, strong nose
a: no special abilities


You were in the Dungeon.
You visited 1 branch You collected 243 gold pieces.

Inventory:

Missiles
 c - 2 javelins (quivered)
 d - 2 throwing nets
Armour
 a - a +0 robe (worn)
Potions
 e - a potion of curing
 f - a potion of heal wounds
 g - a potion of haste
 h - 2 potions of magic
 i - a potion of berserk rage


   Skills:
 + Level 4.2 Fighting
 + Level 3.2 Short Blades
 + Level 3.2 Long Blades
 + Level 3.2 Axes
 + Level 3.2 Maces & Flails
 + Level 3.2 Polearms
 + Level 3.2 Staves
 + Level 3.2 Slings
 + Level 3.2 Bows
 + Level 3.2 Crossbows
 + Level 5.6 Throwing
 + Level 3.2 Armour
 + Level 5.6 Dodging
 + Level 3.2 Stealth
 + Level 3.2 Shields
 + Level 3.2 Unarmed Combat
 + Level 4.3 Spellcasting
 + Level 2.6 Conjurations
 + Level 6.1 Hexes
 + Level 2.6 Summonings
 + Level 2.6 Necromancy
 + Level 2.6 Translocations
 + Level 2.6 Transmutations
 + Level 2.6 Fire Magic
 + Level 2.6 Ice Magic
 + Level 2.6 Air Magic
 + Level 2.6 Earth Magic
 + Level 2.6 Poison Magic
 + Level 3.5 Invocations
 + Level 3.2 Evocations


You had 11 spell levels left.
You knew the following spells:

 Your Spells              Type           Power        Failure   Level
a - Corona                Hex            ###....      1%          1

Your spell library contained the following spells:

 Spells                   Type           Power        Failure   Level
 Slow                     Hex            ###.....     2%          2
 Inner Flame              Hex/Fire       ###.....     9%          3
 Portal Projectile        Hex/Tloc       ###...       9%          3
 Cause Fear               Hex            ###.......   14%         4
 Leda's Liquefaction      Hex/Erth       ###.......   28%         4


Dungeon Overview and Level Annotations

Branches:
Dungeon (1/1)

Altars:

Shops:
D }=:?[:=[!!

Annotations:
D Kirke, Roxanne


Innate Abilities, Weirdness & Mutations

Your experience applies equally to all skills.
You have very sharp teeth.
Your uncanny sense of smell can sniff out nearby items.


Message History

Unknown command.
Unknown command.
Unknown command.
Unknown command.
Unknown command.
Unknown command.
Unknown command.
Kirke, Weaver of Myths comes into view.
Unknown command.
Unknown command.
A manticore comes into view.
Unknown command.
Unknown command.
Unknown command.
The kobold demonologist looks braver for a moment.
Unknown command.
The centaur warrior wields a cursed -1 longbow.
The centaur warrior shoots an arrow.
The arrow hits you!!
Ouch! That really hurt!
You die...

∆ ∆ ∆ ####+#### ∆ ∆
∆##≈≈§≈§≈§## ∆
##.≈§§≈≈§§≈##∆∆ ##
+≈§§§≈8§§§≈.#
Y@H####§§§§§§§≈.## ∆
cc.≈##§§.§.§.##
########≈≈#+++#+++##
#######≈≈K.c....@..#∆
......#≈†≈≈.##+##..#
∆ .⌠....#≈≈≈≈## #.#
∩.∩...#≈≈≈≈# ...
.∩.∩..#≈≈### ∆ #..
..∩.∩.#≈##. #+# #..#
...∩.∩#≈#..B##.## ..#
....∩.+≈+ #+.<.+∆ .#
.....∩#≈#..B##.##


You could see a centaur warrior and a kobold demonologist.

Vanquished Creatures
  Menkaure (D)
  3 worms (D)
4 creatures vanquished.

Vanquished Creatures (others)
  A water moccasin (D)
1 creature vanquished.

Grand Total: 5 creatures vanquished

Notes
Turn   | Place    | Note
-------+----------+-------------------------------------------
     0 | D        | sahdkjhfkaj the Gnoll Arcane Marksman began the quest for
                  | the Orb.
     0 | D        | Reached XP level 1. HP: 17/17 MP: 4/4
     1 | D        | Noticed a boulder beetle
     1 | D        | Noticed a boulder beetle
    10 | D        | Reached skill level 1 in Short Blades
    10 | D        | Reached skill level 1 in Long Blades
    10 | D        | Reached skill level 1 in Axes
    10 | D        | Reached skill level 1 in Maces & Flails
    10 | D        | Reached skill level 1 in Polearms
    10 | D        | Reached skill level 1 in Staves
    10 | D        | Reached skill level 1 in Slings
    10 | D        | Reached skill level 1 in Bows
    10 | D        | Reached skill level 1 in Crossbows
    10 | D        | Reached skill level 1 in Armour
    10 | D        | Reached skill level 1 in Stealth
    10 | D        | Reached skill level 1 in Shields
    10 | D        | Reached skill level 1 in Unarmed Combat
    10 | D        | Reached skill level 1 in Invocations
    10 | D        | Reached skill level 1 in Evocations
    10 | D        | Reached XP level 2. HP: 11/23 MP: 2/5
    50 | D        | Killed a water moccasin
   177 | D        | Noticed a lava snake
   178 | D        | Noticed a lava snake
   179 | D        | Noticed a lava snake
   180 | D        | Noticed a lava snake
   181 | D        | Found Ebin's Distillery.
   183 | D        | Found Hivuqefi's Distillery.
   184 | D        | Found Kouf's Antique Armour Boutique.
   184 | D        | Found Maffidea's Book Shop.
   184 | D        | Found Qugashiv's Jewellery Shop.
   185 | D        | Found Fiocwev's Magic Scroll Boutique.
   185 | D        | Found Jakufarod's Antique Armour Boutique.
   186 | D        | Found Eliel's Jewellery Shop.
   186 | D        | Found Xecop's Book Shop.
   187 | D        | Found Pankuckio's Gadget Boutique.
   187 | D        | Noticed a shining eye
   190 | D        | Noticed Menkaure
   190 | D        | Noticed a shining eye
   203 | D        | Killed Menkaure
   203 | D        | Reached skill level 5 in Throwing
   203 | D        | Reached skill level 5 in Dodging
   203 | D        | Reached skill level 6 in Hexes
   203 | D        | Reached XP level 3. HP: 10/30 MP: 5/8
   203 | D        | Reached XP level 4. HP: 12/37 MP: 6/10
   203 | D        | Reached XP level 5. HP: 14/42 MP: 6/11
   218 | D        | HP: 2/42 [worm (5)]
   235 | D        | Noticed Roxanne
   263 | D        | Noticed an elephant
   263 | D        | Noticed a centaur warrior
   263 | D        | Noticed a yaktaur captain
   263 | D        | Noticed a kobold demonologist
   264 | D        | Noticed Kirke
   265 | D        | Noticed a manticore
   269 | D        | Shot with an arrow by a centaur warrior

Illustrated notes

Levels and vault maps discovered:
D:        the_violet_keep_of_menkaure [sprint2_stairs_cluster_1,
          sprint2_shoproom, sprint2_temple, sprint2_basic_supplies,
          sprint2_obstacle_5, sprint2_obstacle_3, sprint2_obstacle_6,
          sprint2_obstacle_1, sprint2_obstacle_7, sprint2_timed_cluster_1,
          sprint2_smallroom_cluster_1, sprint2_smallroom_final_cluster_1,
          sprint2_transparent_cluster_1, sprint2_second_timed_cluster_1,
          sprint2_sniper_area_1, sprint2_heavy_combat_area_1,
          sprint2_mutation_trap_area_1, sprint2_forest_area_1,
          sprint2_light_combat_area_1, sprint2_behind_water_1,
          sprint2_near_end_vault_1]

Skill      XL: |  1  2 |
---------------+-------+-----
Short Blades   | 1 3 |  3.2
Long Blades    | 1 3 |  3.2
Axes           | 1 3 |  3.2
Maces & Flails | 1 3 |  3.2
Polearms       | 1 3 |  3.2
Staves         | 1 3 |  3.2
Slings         | 1 3 |  3.2
Bows           | 1 3 |  3.2
Crossbows      | 1 3 |  3.2
Armour         | 1 3 |  3.2
Stealth        | 1 3 |  3.2
Shields        | 1 3 |  3.2
Unarmed Combat | 1 3 |  3.2
Invocations    | 1 3 |  3.5
Evocations     | 1 3 |  3.2
Fighting       | 4 |  4.2
Throwing       | 5 |  5.6
Dodging        | 5 |  5.6
Spellcasting   | 4 |  4.3
Conjurations   | 2 |  2.6
Hexes          | 6 |  6.1
Summonings     | 2 |  2.6
Necromancy     | 2 |  2.6
Translocations | 2 |  2.6
Transmutations | 2 |  2.6
Fire Magic     | 2 |  2.6
Ice Magic      | 2 |  2.6
Air Magic      | 2 |  2.6
Earth Magic    | 2 |  2.6
Poison Magic   | 2 |  2.6

Action                   |  1- 3 |  4- 6 || total
-------------------------+-------+-------++-------
Melee: Unarmed           |       |    18 ||    18
       Bite              |       |     2 ||     2
Throw: Javelin           |     8 |     3 ||    11
 Cast: Corona            |     2 |       ||     2
  Use: Scroll            |       |     1 ||     1
Dodge: Dodged            |     1 |     5 ||     6

Table legend: (Time is in decaauts)
 A = Elapsed time spent in this place.
 B = Non-inter-level travel time spent in this place.
 C = Inter-level travel time spent in this place.
 D = Time resting spent in this place.
 E = Time spent auto-exploring this place.
 F = Levels seen in this place.
 G = Mean time per level.
                   A        B        C        D        E       F      G
               +--------+--------+--------+--------+--------+-----+--------+
         Total |    289 |    289 |      0 |    184 |      0 |   1 |  289.0 |
       Dungeon |    289 |    289 |      0 |    184 |      0 |   1 |  289.0 |
               +--------+--------+--------+--------+--------+-----+--------+

Top non-repeatable levels by time:
       D: 289 daAuts
